 Dungeon Crawl Stone Soup version 0.21.1-1-g345015f (webtiles) character file.

7231 Monsterracer the Martial Artist (level 11, -6/74 HPs)
             Began as an Octopode Monk on Feb 15, 2018.
             Was an Elder of Dithmenos.
             Mangled by a black mamba (19 damage)
             ... on level 1 of the Lair of Beasts on Feb 16, 2018.
             The game lasted 00:23:56 (13474 turns).

Monsterracer the Martial Artist (Octopode Monk)    Turns: 13474, Time: 00:23:57

Health: -6/74      AC:  3    Str: 17    XL:     11   Next: 12%
Magic:  15/15      EV: 18    Int: 15    God:    Dithmenos [****..]
Gold:   446        SH:  0    Dex: 16    Spells: 10/10 levels left

rFire    . . .     SeeInvis .     - Unarmed
rCold    + . .     Gourm    .   (no shield)
rNeg     . . .     Faith    +   y - +2 hat
rPois    .         Spirit   .   A - amulet of faith
rElec    .         Reflect  .   h - +5 ring of strength
rCorr    .         Harm     .   i - +2 ring of strength
MR       .....                  x - ring of protection from cold {!d}
Stlth    ++++++++..             (no ring)
HPRegen  0.22/turn              (no ring)
MPRegen  0.14/turn              (no ring)
                                (no ring)
                                (no ring)

@: lethally poisoned (-6 -> -12), wreathed by umbra
A: almost no armour, stealthy swim, amphibious, 8 rings, constrict 8, camouflage
1, gelatinous body 1
a: Shadow Step, Renounce Religion


You were on level 1 of the Lair of Beasts.
You worshipped Dithmenos.
Dithmenos was greatly pleased with you.
You were not hungry.

You visited 2 branches of the dungeon, and saw 9 of its levels.
You also visited: Sewer and Ossuary.

You collected 446 gold pieces.

Inventory:

Hand Weapons
 b - a +4 dagger
Missiles
 t - 217 stones (quivered)
 u - 2 throwing nets
Armour
 y - a +2 hat (worn)
Jewellery
 h - a +5 ring of strength (left tentacle)
 i - a +2 ring of strength (right tentacle)
 r - an uncursed ring of fire
 x - a ring of protection from cold (on tentacle) {!d}
 z - an uncursed ring of fire
 A - an amulet of faith (around mantle)
Wands
 f - a wand of polymorph (9)
 m - a wand of iceblast (5)
 B - a wand of acid (10)
Scrolls
 a - 9 scrolls of teleportation
 j - 2 scrolls of remove curse
 n - 3 scrolls of amnesia
 p - 4 scrolls of magic mapping {!r}
 s - 3 scrolls of enchant weapon
Potions
 d - 12 potions of curing
 e - 2 potions of heal wounds {unknown}
 g - 7 potions of flight
 k - 2 potions of lignification
 l - 2 potions of berserk rage {unknown}
 o - 2 potions of brilliance {unknown}
 q - 2 potions of ambrosia {unknown}
 v - a potion of invisibility {unknown}
 w - a potion of haste
Comestibles
 c - 21 rations


   Skills:
 + Level 6.8 Fighting
 - Level 4.0 Short Blades
 + Level 6.8 Dodging
 + Level 9.1 Stealth
 * Level 10.6 Unarmed Combat
 + Level 6.5 Invocations
 - Level 3.0 Evocations


You had 10 spell levels left.
You didn't know any spells.

Dungeon Overview and Level Annotations

Branches:
Dungeon (8/15)             Temple (0/1) D:4            Lair (1/6) D:8

Altars:
Dithmenos
Elyvilon
Nemelex Xobeh
Qazlal
Ru
Trog
Uskayaw
Yredelemnul

Shops:
D:4 *   D:8 %


Innate Abilities, Weirdness & Mutations

You cannot wear most types of armour.
You are very stealthy in the water. (Stealth+)
You are amphibious.
You can wear up to eight rings at the same time.
You can use your tentacles to constrict eight enemies at once.
Your skin changes colour to match your surroundings (Stealth+).
Your rubbery body absorbs attacks. (AC +1, EV +1)


Message History

You bludgeon the komodo dragon!
The komodo dragon is severely wounded.
The komodo dragon bites you!!
* * * LOW HITPOINT WARNING * * *
You emit a cloud of dark smoke.
You take 33 damage, and have 18/74 hp.
MASSIVE DAMAGE!!
You bludgeon the komodo dragon!
The komodo dragon is almost dead.
You closely miss the komodo dragon.
The komodo dragon is almost dead.
The komodo dragon closely misses you.
You tentacle-slap the komodo dragon.
You kill the komodo dragon!
Dithmenos accepts your kill.
Your Stealth skill increases to level 9!
A hippogriff comes into view.
You regained 8 hp, and now have 27/74 hp.
A hippogriff is nearby!
The hippogriff screeches!
You bludgeon the hippogriff!
The hippogriff is moderately wounded.
The hippogriff barely misses you. The hippogriff misses you.
The hippogriff claws you.
* * * LOW HITPOINT WARNING * * *
You take 6 damage, and have 22/74 hp.
You tentacle-slap the hippogriff. You squeeze the hippogriff.
The hippogriff is heavily wounded.
The hippogriff bites you!
* * * LOW HITPOINT WARNING * * *
The hippogriff pecks you but does no damage.
The hippogriff barely misses you.
You take 9 damage, and have 13/74 hp.
You tentacle-slap the hippogriff.
The hippogriff is severely wounded.
The hippogriff bites you.
* * * LOW HITPOINT WARNING * * *
The hippogriff misses you. The hippogriff closely misses you.
You take 4 damage, and have 9/74 hp.
You tentacle-slap the hippogriff. You squeeze the hippogriff!
The hippogriff is almost dead.
You tentacle-slap the hippogriff.
You kill the hippogriff!
Dithmenos accepts your kill.
All of the chunks of flesh in your inventory have rotted away.
A crocodile comes into view.
You regained 21 hp, and now have 31/74 hp.
A crocodile is nearby!
You closely miss the crocodile.
Your tentacle-slap misses the crocodile.
The crocodile completely misses you.
You tentacle-slap the crocodile. Your squeeze misses the crocodile.
The crocodile is lightly wounded.
The crocodile bites you!
* * * LOW HITPOINT WARNING * * *
You take 8 damage, and have 23/74 hp.
You barely miss the crocodile. You squeeze the crocodile.
The crocodile is moderately wounded.
You closely miss the crocodile.
The crocodile is moderately wounded.
Your shadow hits the crocodile. The crocodile completely misses you.
You bludgeon the crocodile!
The crocodile is severely wounded.
The crocodile barely misses you.
You barely miss the crocodile.
The crocodile is severely wounded.
The crocodile closely misses you.
You bludgeon the crocodile!
You kill the crocodile!
Dithmenos accepts your kill.
A black mamba comes into view.
You regained 6 hp, and now have 30/74 hp.
A black mamba is nearby!
The black mamba barely misses you. The black mamba bites you!
* * * LOW HITPOINT WARNING * * *
You are poisoned.
The black mamba poisons you! The black mamba closely misses you.
You take 13 damage, and have 18/74 hp.
You closely miss the black mamba. You grab the black mamba.
You constrict the black mamba.
You feel sick. The black mamba misses you. The black mamba bites you.
* * * LOW HITPOINT WARNING * * *
You take 3 damage, and have 15/74 hp.
You tentacle-slap the black mamba but do no damage.
Your squeeze misses the black mamba.
The black mamba is lightly wounded.
You constrict the black mamba.
You feel sick. The black mamba completely misses you.
You take 1 damage, and have 14/74 hp.
You tentacle-slap the black mamba.
The black mamba is moderately wounded.
You constrict the black mamba, but do no damage.
You feel sick. The black mamba completely misses you.
The black mamba closely misses you.
Unknown command.
You tentacle-slap the black mamba.
You squeeze the black mamba, but do no damage.
The black mamba is moderately wounded.
You constrict the black mamba.
You feel sick. The black mamba bites you!!
You die...

............P##.#####............
.####P.....###.###..#............
## ##.............##.##.'###.#
#.####...[##...........##'#####
..........##.......##..#......##
....P.....P#.......##..........#
.........###..P..###.###+#'####
.# #......###.#.##...#.#+#.####.
#.####..........@S...............
#.##.#...........................
.................................
.................................
.................................
.#..#............................
##+###......##'####...#####+#####
....##......##.####...#
....+.......##...##...#


You could see a black mamba.

Vanquished Creatures
  4 spiny frogs (Lair:1)
  A komodo dragon (Lair:1)
  A rime drake (Lair:1)
  Prince Ribbit (D:6)
  2 hippogriffs (Lair:1)
  4 hogs (D:7)
  A human (D:7)
  Eustachio (D:6)
  Grum (D:7)
  Menkaure (Ossuary)
  Edmund (D:4)
  A water moccasin (D:8)
  A porcupine (Lair:1)
  A phantom (D:6)
  3 ice beasts
  2 wolves (D:7)
  4 ogres
  3 centaurs
  4 crocodiles
  2 big kobolds
  A bullfrog (Lair:1)
  A wyvern zombie (D:7)
  A gnoll sergeant (D:7)
  5 scorpions
  A water moccasin skeleton (D:4)
  5 killer bees (D:7)
  3 howler monkeys (D:8)
  3 crimson imps
  2 orc priests (D:7)
  A gnoll shaman (D:7)
  9 hounds
  A jelly (D:5)
  8 orc wizards
  A centaur skeleton (D:4)
  3 iguanas
  6 worker ants
  A hound zombie (D:7)
  2 mummies (Ossuary)
  A worker ant zombie (D:5)
  A howler monkey skeleton (D:7)
  6 gnolls
  7 adders
  A shadow imp (D:8)
  2 adder zombies
  3 worms
  2 dart slugs (D:4)
  9 leopard geckos
  18 orcs
  3 ball pythons
  9 bats
  7 giant cockroaches
  2 gnoll zombies (Ossuary)
  5 goblins
  5 hobgoblins
  15 jackals
  11 kobolds
  4 quokkas
  11 frilled lizards
  A giant cockroach zombie (D:6)
  2 gnoll skeletons (Ossuary)
  2 goblin skeletons (Ossuary)
  2 hobgoblin skeletons (Ossuary)
  2 jackal skeletons
  A kobold zombie (Ossuary)
  An orc skeleton (Ossuary)
  4 orc zombies (Ossuary)
  A quokka zombie (D:4)
  11 rats
  3 rat skeletons (Ossuary)
  A rat zombie (Ossuary)
246 creatures vanquished.

Vanquished Creatures (others)
  A mummy (Ossuary)
  3 gnoll zombies (Ossuary)
  2 gnoll skeletons (Ossuary)
  4 goblin zombies (Ossuary)
  6 hobgoblin skeletons (Ossuary)
  5 hobgoblin zombies (Ossuary)
  3 kobold skeletons (Ossuary)
  3 orc skeletons (Ossuary)
  2 orc zombies (Ossuary)
  A rat skeleton (Ossuary)
  3 rat zombies (Ossuary)
  7 plants
40 creatures vanquished.

Grand Total: 286 creatures vanquished

Notes
Turn   | Place    | Note
-------+----------+-------------------------------------------
     0 | D:1      | Monsterracer the Octopode Monk began the quest for the Orb.
     0 | D:1      | Reached XP level 1. HP: 16/16 MP: 1/1
   155 | D:1      | Reached XP level 2. HP: 12/21 MP: 2/2
   162 | D:1      | HP: 9/21 [hobgoblin (4)]
   513 | D:1      | Reached skill level 4 in Unarmed Combat
   527 | D:1      | HP: 9/21 [frilled lizard (2)]
   530 | D:1      | Reached XP level 3. HP: 9/26 MP: 3/3
  1614 | D:2      | HP: 10/26 [worm (10)]
  1615 | D:2      | Reached XP level 4. HP: 12/31 MP: 4/4
  2155 | D:3      | Reached skill level 5 in Unarmed Combat
  2281 | D:3      | Found a glowing drain.
  2285 | Sewer    | Entered a sewer
  2355 | Sewer    | Noticed a big kobold
  2379 | Sewer    | HP: 15/31 [big kobold/short sword of speed (4)]
  2380 | Sewer    | HP: 7/31 [big kobold/short sword of speed (8)]
  2381 | Sewer    | Killed a big kobold
  2381 | Sewer    | Reached XP level 5. HP: 8/36 MP: 5/5
  2388 | Sewer    | HP: 7/36 [poisoned by a kobold]
  2653 | Sewer    | Found a white marble altar of Elyvilon.
  2830 | D:3      | Found a shadowy altar of Dithmenos.
  2833 | D:3      | Became a worshipper of Dithmenos the Shadowed
  2833 | D:3      | Reached * piety under Dithmenos
  2833 | D:3      | Reached ** piety under Dithmenos
  2989 | D:3      | Found a stormy altar of Qazlal.
  2994 | D:3      | Noticed an ogre
  2996 | D:3      | Found a sacrificial altar of Ru.
  2996 | D:3      | Found a bloodstained altar of Trog.
  3560 | D:4      | Found a sand-covered staircase.
  3567 | D:4      | Reached skill level 6 in Unarmed Combat
  3653 | Ossuary  | Entered an ossuary
  4181 | Ossuary  | Noticed Menkaure
  4234 | Ossuary  | HP: 18/36 [Menkaure (18)]
  4236 | Ossuary  | Killed Menkaure
  4236 | Ossuary  | Reached skill level 1 in Invocations
  4236 | Ossuary  | Reached skill level 1 in Evocations
  4236 | Ossuary  | Reached XP level 6. HP: 21/42 MP: 6/6
  4449 | D:4      | Found a staircase to the Ecumenical Temple.
  4498 | D:4      | Found a sparkling altar of Nemelex Xobeh.
  4525 | D:4      | Noticed an ice beast
  4533 | D:4      | HP: 11/42 [ice beast (12)]
  4534 | D:4      | HP: 1/42 [ice beast (9)]
  4559 | D:4      | HP: 3/42 [ball python (1)]
  4641 | D:3      | HP: 14/42 [frilled lizard (1)]
  5153 | D:4      | Reached XP level 7. HP: 35/46 MP: 8/8
  5270 | D:4      | Noticed a two-headed ogre
  5675 | D:4      | Found Zohuq's Assorted Antiques.
  5752 | D:4      | Noticed Edmund
  5767 | D:4      | Killed Edmund
  5767 | D:4      | Reached skill level 7 in Unarmed Combat
  6006 | D:4      | Reached *** piety under Dithmenos
  6280 | D:4      | Reached XP level 8. HP: 36/54 MP: 9/9
  6834 | D:5      | Entered Level 5 of the Dungeon
  6940 | D:5      | Found a basalt altar of Yredelemnul.
  7004 | D:5      | Found a white marble altar of Elyvilon.
  7089 | D:5      | HP: 26/54 [acid (4)]
  7097 | D:5      | HP: 20/54 [worker ant (3)]
  7830 | D:5      | Reached skill level 5 in Stealth
  8107 | D:6      | Noticed Eustachio
  8122 | D:6      | Killed Eustachio
  8122 | D:6      | Reached skill level 8 in Unarmed Combat
  8226 | D:6      | Noticed Prince Ribbit
  8239 | D:6      | HP: 22/54 [Prince Ribbit (17)]
  8240 | D:6      | Killed Prince Ribbit
  8240 | D:6      | Reached XP level 9. HP: 24/60 MP: 11/11
  8467 | D:6      | HP: 26/60 [phantom (7)]
  8676 | D:6      | Reached skill level 5 in Fighting
  9128 | D:7      | Reached skill level 5 in Dodging
  9377 | D:7      | HP: 30/61 [killer bee (5)]
  9383 | D:7      | HP: 28/61 [poisoned by a killer bee]
  9389 | D:7      | HP: 27/61 [poisoned by a killer bee]
  9397 | D:7      | HP: 27/61 [poisoned by a killer bee]
  9434 | D:7      | HP: 27/61 [killer bee (6)]
  9439 | D:7      | Reached skill level 1 in Short Blades
  9691 | D:7      | Reached **** piety under Dithmenos
  9697 | D:7      | Reached skill level 9 in Unarmed Combat
  9700 | D:7      | HP: 18/61 [hog (14)]
  9728 | D:7      | HP: 18/61 [orc/short sword (3)]
 10005 | D:7      | HP: 30/61 [killer bee (6)]
 10008 | D:7      | Reached skill level 5 in Invocations
 10279 | D:7      | Reached XP level 10. HP: 58/68 MP: 13/13
 10867 | D:7      | HP: 25/68 [centaur/arrow (11)]
 10871 | D:7      | Found a hide-covered altar of Uskayaw.
 10880 | D:7      | HP: 22/68 [centaur/arrow (6)]
 10890 | D:7      | HP: 9/68 [centaur (5)]
 10891 | D:7      | HP: 4/68 [centaur (5)]
 10902 | D:7      | HP: 10/102 [orc priest/divine providence (9)]
 11361 | D:7      | Noticed Grum
 11367 | D:7      | Killed Grum
 11955 | D:8      | Found a staircase to the Lair.
 12089 | D:8      | Noticed a two-headed ogre
 12223 | D:8      | Noticed a two-headed ogre
 12285 | D:8      | Found Vuiwn's Food Boutique.
 12383 | D:8      | Reached skill level 10 in Unarmed Combat
 12457 | Lair:1   | Entered Level 1 of the Lair of Beasts
 12539 | Lair:1   | Noticed a spiny frog
 12547 | Lair:1   | HP: 33/68 [spiny frog (23)]
 12548 | Lair:1   | HP: 9/68 [spiny frog (24)]
 12553 | Lair:1   | HP: 6/68 [spiny frog (1)]
 12554 | Lair:1   | Killed a spiny frog
 12957 | Lair:1   | Noticed a spiny frog
 12965 | Lair:1   | Killed a spiny frog
 13002 | Lair:1   | Noticed a spiny frog
 13010 | Lair:1   | Killed a spiny frog
 13070 | Lair:1   | Noticed a spiny frog
 13078 | Lair:1   | Killed a spiny frog
 13131 | Lair:1   | Reached XP level 11. HP: 65/74 MP: 15/15
 13285 | Lair:1   | HP: 18/74 [komodo dragon (33)]
 13330 | Lair:1   | HP: 22/74 [hippogriff (6)]
 13332 | Lair:1   | HP: 9/74 [hippogriff (4)]
 13434 | Lair:1   | HP: 23/74 [crocodile (8)]
 13470 | Lair:1   | HP: 18/74 [black mamba (13)]
 13474 | Lair:1   | Mangled by a black mamba

Skill      XL: |  1  2  3  4  5  6  7  8  9 10 11 |
---------------+----------------------------------+-----
Unarmed Combat | 4 5 6 7 8 9 10 | 10.6
Stealth        | 3 4 5 7 8 9 |  9.1
Invocations    | 1 2 3 5 6 |  6.5
Evocations     | 1 2 3 |  3.0
Fighting       | 4 5 6 |  6.8
Dodging        | 4 5 6 |  6.8
Short Blades   | 2 4 |  4.0

Action                   |  1- 3 |  4- 6 |  7- 9 | 10-12 || total
-------------------------+-------+-------+-------+-------++-------
Melee: Unarmed           |    97 |   114 |   252 |   178 ||   641
       Constrict         |    28 |    33 |    55 |    28 ||   144
       Tentacles         |    11 |    31 |    66 |    35 ||   143
       Punch             |     2 |     6 |    19 |    10 ||    37
       Dagger            |       |     1 |    12 |    15 ||    28
Throw: Stone             |       |       |       |     4 ||     4
  Use: Scroll            |       |     7 |     5 |     2 ||    14
       Potion            |       |       |       |     3 ||     3
 Stab: Sleeping          |     8 |     7 |    17 |    11 ||    43
       Distracted        |       |       |     3 |       ||     3
  Eat: Chunk             |     2 |     7 |    13 |    10 ||    32
       Ration            |       |     1 |     1 |       ||     2
Armor: Skin              |    16 |     3 |     4 |    17 ||    40
Dodge: Dodged            |    69 |    61 |   160 |   170 ||   460

Vault maps used:
D:1:      elethiomel_arrival_quiet
D:2:      first_ration, dk_vineyard_3
D:3:      grunt_temple_overflow_open, gup_sewer_entry_bowl,
          grunt_dithmenos_smoke_and_mirrors
D:4:      nemelex_xobeh_ov_fountains_minmay, lemuel_temple_firewalk_b,
          enter_ossuary_3, serial_shops, shop, minmay_item_behind_shaft,
          corner_web_ring, uniq_edmund
D:5:      kennysheep_ying_yang, hangedman_decor_peaks_small
D:6:      uniq_eustachio, uniq_prince_ribbit1
D:7:      overflow_temple_1_default, serial_gnoll_camp, gnoll_camp_mini_hut,
          grums_kennel, gnoll_camp_mini_hut, gnoll_camp_mini_doghouse,
          grunt_livestock, hangedman_decor_lopped
D:8:      dpeg_oklobed_lair, serial_shops, shop, minmay_lizard_king
Sewer:    sewer_kobolds
Ossuary:  ossuary_due_pyramid
